 Dungeon Crawl Stone Soup version 0.29-a0-901-g46a8461d6a (webtiles) character file.

Game seed: 13959853419598721092

2 Aviak the Cudgeller (level 1, 0/19 HPs)
             Began as a Meteoran Cinder Acolyte on July 23, 2022.
             Was a High Priest of Ignis.
             Slain by a kobold
             ... wielding a +0 mace
              (5 damage)
             ... on level 1 of the Dungeon.
             The game lasted 00:00:53 (30 turns).

Aviak the Cudgeller (Meteoran Cinder Acolyte)         Turns: 30, Time: 00:00:54

Health: 0/19       AC:  2    Str: 15    XL:     1   Next: 42%
Magic:  3/3        EV: 11    Int: 15    God:    Ignis [*****.]
Gold:   0          SH:  0    Dex:  9    Spells: 2/2 levels left

rFire   + . .      SeeInvis .   a - -1 mace (flame)
rCold   . . .      Faith    .   (no shield)
rNeg    . . .      Spirit   .   b - +0 robe
rPois   .          Reflect  .   (no helmet)
rElec   .          Harm     .   (no cloak)
rCorr   .          Rampage  .   (no gloves)
Will    .....                   (no boots)
Stlth   +.........              (no amulet)
HPRegen 0.06/turn               (no ring)
MPRegen 0.08/turn               (no ring)

@: glowing
A: sense surroundings 1, otherworldly, glowing, explore regen
a: Renounce Religion, Fiery Armour, Foxfire Swarm, Rising Flame


You were on level 1 of the Dungeon.
You worshipped Ignis.
Ignis was extremely pleased with you.
You visited 1 branch of the dungeon, and saw 1 of its levels.

Inventory:

Hand Weapons
 a - a -1 mace of flaming (weapon)
Armour
 b - a +0 robe (worn)


   Skills:
 + Level 3.3 Fighting
 + Level 4.0 Maces & Flails
 + Level 1.4 Spellcasting
 + Level 3.6 Fire Magic


You had 2 spell levels left.
You didn't know any spells.
Your spell library contained the following spells:

 Spells                   Type           Power      Damage    Failure   Level
 Scorch                   Fire           24%        2d6       8%          2


Dungeon Overview and Level Annotations

Branches:
Dungeon (1/15) Zot: 567

Altars:


Innate Abilities, Weirdness & Mutations

You passively map a small area around you.
You are easily found by Zot.
You glow in the dark.
You regain HP and MP as you explore.


Message History

The flames of Ignis gently warm you.
Press ? for a list of commands and other information.
Found a staircase leading out of the dungeon.
You don't know any spells.
You open the door.
There is an open door here.
You open the door.
A goblin comes into view.
The goblin throws a stone.
The stone hits you.
A goblin comes into view.
The goblin shouts!
There is an open door here.
You closely miss the goblin. The goblin hits you.
You barely miss the goblin. The goblin closely misses you.
The goblin misses you.
You miss the goblin. The goblin closely misses you.
The goblin hits you but does no damage.
You thump the goblin! You burn the goblin.
You kill the goblin!
The goblin barely misses you.
You hit the goblin. You burn the goblin.
You kill the goblin!
No target in view!
There is an open door, spattered with blood here.
You don't know any spells.
You open the door.
There is an open door here.
You open the door.
A kobold comes into view. It is wielding a +0 mace.
The kobold shouts!
There is an open door here.
The kobold hits you with a +0 mace.
You closely miss the kobold. The kobold hits you with a +0 mace.
You closely miss the kobold. The kobold hits you with a +0 mace.
* * * LOW HITPOINT WARNING * * *
Unknown command.
Okay, then.
You closely miss the kobold. The kobold barely misses you.
You hit the kobold but do no damage. The kobold hits you with a +0 mace.
You die...

* ##...........# ..§§#
.#............##..§§#
,........<.....8'(..≈+
#............'#(..≈# ,
*
,##...........##.§§≈#,
* ##.........##*..§##
###8'8#8### #### *
######'###### , *
#..K@...§.§.#
#§≈≈....§§§≈# * ,
*###≈≈≈§§§§### * * , ,
####+#### , * , * , *
* * * * , * *


You could see a kobold.

Vanquished Creatures
  2 goblins (D:1)
2 creatures vanquished.

Notes
Turn   | Place    | Note
-------+----------+-------------------------------------------
     0 | D:1      | Aviak the Meteoran Cinder Acolyte began the quest for the
                  | Orb.
     0 | D:1      | Reached XP level 1. HP: 19/19 MP: 3/3
    30 | D:1      | Slain by a kobold

Illustrated notes

Levels and vault maps discovered:
D:1:      dpeg_arrival_morbid_curiosity, layout_basic,
          hellmonk_ecumenical_altar_arch_garden

Action                   || total
-------------------------++-------
Melee: Mace              ||     9
Armor: Robe              ||     1
Dodge: Dodged            ||     5

Table legend: (Time is in decaauts)
 A = Elapsed time spent in this place.
 B = Non-inter-level travel time spent in this place.
 C = Inter-level travel time spent in this place.
 D = Time resting spent in this place.
 E = Time spent auto-exploring this place.
 F = Levels seen in this place.
 G = Mean time per level.
                   A        B        C        D        E       F      G
               +--------+--------+--------+--------+--------+-----+--------+
         Total |     31 |     31 |      0 |      0 |      0 |   1 |   31.0 |
       Dungeon |     31 |     31 |      0 |      0 |      0 |   1 |   31.0 |
               +--------+--------+--------+--------+--------+-----+--------+

Top non-repeatable levels by time:
     D:1: 31 daAuts
